 Dungeon Crawl Stone Soup version 0.29.1-1-gd02db6906a (webtiles) character file.

Game seed: 9191960723393836611

319669 sleeves the Severer (level 22, -13/179 (190) HPs)
             Began as a Formicid Brigand on Sept 23, 2022.
             Was the Champion of Nemelex Xobeh.
             Killed from afar by a deep elf annihilator (68 damage)
             ... with a crystal spear
             ... on level 3 of the Elven Halls.
             The game lasted 01:59:11 (41955 turns).

sleeves the Severer (Formicid Brigand)             Turns: 41955, Time: 01:59:11

HP:   -13/179 (190) AC: 42    Str: 24    XL:     22   Next: 43%
MP:   36/36         EV:  6    Int: 14    God:    Nemelex Xobeh [******]
Gold: 3670          SH: 22    Dex: 15    Spells: 21/21 levels left

rFire   + + +      SeeInvis +   a - +6 battleaxe (freeze)
rCold   + + .      Faith    .   c - +0 tower shield {rF+}
rNeg    . . .      Spirit   .   y - +9 scales of the Dragon King {rPois rF+ rC+ Will+}
rPois   +          Reflect  .   (helmet unavailable)
rElec   +          Harm     .   w - +2 cloak
rCorr   +          Rampage  ∞   O - +0 pair of gloves
Will    ++++.                   z - +3 pair of seven-league boots {Rampage+∞}
Stlth   ..........              g - amulet of regeneration
HPRegen 1.19/turn               J - ring of willpower
MPRegen 0.25/turn               j - ring of Shadows {Umbra +Inv Stlth+}

@: resistant, wreathed by umbra, drained, invisible
A: permanent stasis, dig shafts and tunnels, antennae 3, four strong arms
}: 2/15 runes: decaying, gossamer
a: Dig, Shaft Self, Renounce Religion, Evoke Invisibility, Draw Escape, Draw
Destruction, Draw Summoning, Draw Stack, Triple Draw, Deal Four, Stack Five


You were on level 3 of the Elven Halls.
You worshipped Nemelex Xobeh.
Nemelex Xobeh was exalted by your worship.
You visited 8 branches of the dungeon, and saw 38 of its levels.
You also visited: Volcano.

You collected 4078 gold pieces.
You spent 408 gold pieces at shops.

Inventory:

Hand Weapons
 a - a +6 battleaxe of freezing (weapon)
   (You took it off a wight on level 9 of the Dungeon)
 b - a +2 battleaxe of flaming
   (You took it off an orc warrior on level 2 of the Orcish Mines)
Missiles
 d - 74 poisoned darts
 e - 3 curare-tipped darts
 f - 12 javelins
 v - 3 datura-tipped darts
 L - a boomerang of dispersal
 N - 23 boomerangs (quivered)
Armour
 c - a +0 tower shield of fire resistance (worn)
   (You found it in a volcano)
 o - a scarf of shadows
   (You found it on level 5 of the Dungeon)
 w - a +2 cloak (worn)
   (You found it on level 2 of the Vaults)
 y - the +9 scales of the Dragon King (worn) {rPois rF+ rC+ Will+}
   (You found it on level 6 of the Dungeon)

   rF:        It protects you from fire.
   rC:        It protects you from cold.
   rPois:     It protects you from poison.
   Will:      It increases your willpower.
 z - the +3 pair of seven-league boots (worn) {Rampage+∞}
   (You found it on level 3 of the Lair of Beasts)

   Its wearer moves as far as possible in that direction when moving towards
   enemies.
 O - a +0 pair of gloves (worn)
   (You found it on level 9 of the Dungeon)
 Z - +0 fire dragon scales
   (You found it on level 2 of the Elven Halls)
Jewellery
 g - an amulet of regeneration (around neck)
   (You found it on level 1 of the Dungeon)
 j - the ring of Shadows (right hand) {Umbra +Inv Stlth+}
   (You found it on level 4 of the Vaults)

   [ring of stealth]

   It surrounds you with an aura of shadow, increasing your stealth and reducing
   the accuracy of all others within it.
   +Inv:      It lets you turn invisible.
   Stlth:     It makes you more stealthy.
 H - a ring of protection from fire
   (You found it on level 2 of the Swamp)
 I - a ring of positive energy
   (You found it on level 2 of the Elven Halls)
 J - a ring of willpower (left hand)
   (You found it on level 3 of the Spider Nest)
 M - a ring of protection from cold
   (You found it on level 3 of the Spider Nest)
 Q - a ring of resist corrosion
   (You found it on level 10 of the Dungeon)
 W - a +4 ring of evasion
   (You found it on level 1 of the Lair of Beasts)
Wands
 p - a wand of roots (37)
   (You took it off a gnoll on level 7 of the Dungeon)
 s - a wand of digging (12)
   (You found it on level 1 of the Vaults)
 X - a wand of light (26)
   (You found it on level 1 of the Swamp)
Scrolls
 h - 5 scrolls of magic mapping
 i - 8 scrolls of butterflies
 k - 2 scrolls of torment
 l - 3 scrolls of silence
 m - 5 scrolls of enchant weapon
 r - 3 scrolls of poison
 u - 3 scrolls of brand weapon
 A - 4 scrolls of amnesia
 C - 6 scrolls of enchant armour
 F - 5 scrolls of summoning
 G - 4 scrolls of vulnerability
 T - 2 scrolls of immolation
 Y - 2 scrolls of fear
Potions
 n - 3 potions of flight
 q - 9 potions of attraction
 t - 23 potions of curing
 x - 3 potions of heal wounds
 B - 3 potions of resistance
 D - 5 potions of lignification
 E - 5 potions of brilliance
 K - 2 potions of magic
 P - 9 potions of mutation
 R - 3 potions of cancellation
 S - 6 potions of ambrosia
 U - 4 potions of might
 V - 2 potions of invisibility


   Skills:
 + Level 20.1 Fighting
 - Level 2.0 Short Blades
 - Level 20.4 Axes
 - Level 2.0 Throwing
 + Level 20.1 Armour
 - Level 0.8 Dodging
 - Level 7.1 Stealth
 + Level 20.2 Shields
 - Level 20.0 Invocations


You had 21 spell levels left.
You didn't know any spells.
Your spell library contained the following spells:

 Spells                   Type           Power      Damage    Failure   Level
 Magic Dart               Conj           0%         1d3       100%        1
 Shock                    Conj/Air       0%         1d3       100%        1
 Slow                     Hex            0%         N/A       100%        1
 Searing Ray              Conj           0%         2d4       100%        2
 Sublimation of Blood     Necr           0%         N/A       100%        2
 Call Canine Familiar     Summ           0%         N/A       100%        3
 Confusing Touch          Hex            0%         N/A       100%        3
 Dazzling Flash           Conj/Hex       0%         N/A       100%        3
 Frozen Ramparts          Ice            0%         1d1       100%        3
 Gell's Gravitas          Tloc           0%         N/A       100%        3
 Ignite Poison            Fire/Tmut/Pois 0%         N/A       100%        3
 Mephitic Cloud           Conj/Pois/Air  0%         N/A       100%        3
 Portal Projectile        Hex/Tloc       0%         N/A       100%        3
 Teleport Other           Tloc           0%         N/A       100%        3
 Tukima's Dance           Hex            0%         N/A       100%        3
 Vampiric Draining        Necr           0%         2d6       100%        3
 Airstrike                Air            0%         2d(0-16)  100%        4
 Corpse Rot               Necr/Pois/Air  0%         N/A       100%        4
 Dispel Undead            Necr           0%         3d6       100%        4
 Fulminant Prism          Conj/Hex       0%         3d6       100%        4
 Hailstorm                Conj/Ice       0%         3d3       100%        4
 Ice Form                 Ice/Tmut       0%         N/A       100%        4
 Iskenderun's Mystic Bla  Conj/Tloc      0%         2d3       100%        4
 Leda's Liquefaction      Hex/Erth       0%         N/A       100%        4
 Summon Ice Beast         Ice/Summ       0%         N/A       100%        4
 Summon Lightning Spire   Summ/Air       0%         N/A       100%        4
 Blade Hands              Tmut           0%         N/A       100%        5
 Freezing Cloud           Conj/Ice/Air   0%         6-21      100%        5
 Lee's Rapid Deconstruct  Erth           0%         3d5*      100%        5
 Summon Forest            Summ/Tloc      0%         N/A       100%        5
 Yara's Violent Unravell  Hex/Tmut       0%         3d3       100%        5
 Death Channel            Necr           0%         N/A       100%        6
 Dispersal                Tloc           0%         N/A       100%        6
 Eringya's Noxious Bog    Tmut/Pois      0%         N/A       100%        6
 Simulacrum               Ice/Necr       0%         N/A       100%        6
 Starburst                Conj/Fire      0%         6d3       100%        6
 Statue Form              Tmut/Erth      0%         N/A       100%        6
 Enfeeble                 Hex            0%         N/A       100%        7
 Haunt                    Necr/Summ      0%         N/A       100%        7
 Storm Form               Tmut/Air       0%         N/A       100%        7
 Summon Hydra             Summ           0%         N/A       100%        7
 Disjunction              Tloc           0%         N/A       100%        8
 Maxwell's Capacitive Co  Air            0%         ∞         100%        8
 Polar Vortex             Ice            0%         N/A       100%        9
 Swiftness                Air            Unusable   N/A       N/A         3

Dungeon Overview and Level Annotations

Branches:
Dungeon (15/15)            Temple (1/1) D:5            Lair (5/5) D:8
  Swamp (4/4) Lair:3       Spider (4/4) Lair:3        Slime (0/5) Lair:4
    Orc (2/2) D:10            Elf (3/3) Orc:2        Vaults (4/5) D:13
  Crypt (0/3) Vaults:2     Depths (0/4) D:15        Volcano (visited)

Altars:
Ashenzari
Cheibriados
Dithmenos
Elyvilon
Fedhas
Gozag
Hepliaklqana
Kikubaaqudgha
Makhleb
Nemelex Xobeh
Okawaru
Qazlal
Ru
Sif Muna
Trog
Uskayaw
Vehumet
Wu Jian
Xom
Yredelemnul
Zin
The Shining One

Shops:
D:7 (   D:15 [   Orc:2 ??:   Elf:3 (   Vaults:2 **(:   Vaults:3 [

Portals:
Trove: Vaults:2 (give +3 fire dragon scales)

Annotations:
D:2 exclusions: ball python, downstairs and worm, Sigmund
D:3 3 runed translucent doors, exclusion: adder, Sabo's ghost, amateur DsAE
D:4 3 runed translucent doors, exclusions: orc and water moccasin, Braxton's ghost, amateur HOCA
Lair:4 exclusion: oklob plant
Swamp:1 Roxanne
Swamp:4 1 runed translucent door, croobank's ghost, journeyman FeSu
Vaults:3 3 runed translucent doors
Vaults:4 3 runed translucent doors, exclusion: obsidian statue, handsome's ghost, veteran OpWn


Innate Abilities, Weirdness & Mutations

You cannot be hasted, slowed, berserked, paralysed or teleported.
You can dig through walls and to a lower floor.
You have a pair of large antennae on your head. (SInv)
Your four strong arms can wield two-handed weapons with a shield.


Message History

You barely miss the air elemental. The air elemental hits you.
The air elemental barely misses you.
You slash the air elemental! You freeze the air elemental.
The air elemental is moderately damaged.
You block the air elemental's attack.
The air elemental fires a burst of electricity at you.
The stunning burst hits you but does no damage.
Your stasis prevents you from being paralysed.
You slice the air elemental!! You freeze the air elemental!
You destroy the air elemental!
No target in view!
No target in view!
You now have 3670 gold pieces (gained 15).
You see here a +3 vorpal battleaxe.
You see here a +3 vorpal battleaxe.
You open the door.
There is an open door here.
There is an open door here.
Things that are here:
a +0 short sword; a +0 scale mail of willpower; an elf skeleton
There is a stone staircase leading up here.
There is an open door here.
Things that are here:
a +0 scale mail; a +0 long sword You open the door.
There is an open door here.
Key pressed, stopping explore.
A deep elf pyromancer comes into view. It is wielding a +0 dagger.
The deep elf pyromancer shouts!
A deep elf pyromancer is nearby!
You stride towards the deep elf pyromancer!
Found a potion of lignification.
You barely miss the deep elf pyromancer.
You block the deep elf pyromancer's attack.
You slash the deep elf pyromancer! You freeze the deep elf pyromancer.
The deep elf pyromancer is moderately wounded.
The deep elf pyromancer casts a spell at you.
You block the sticky flame.
You slash the deep elf pyromancer! You freeze the deep elf pyromancer.
The deep elf pyromancer is severely wounded.
The deep elf pyromancer hits you but does no damage.
You barely miss the deep elf pyromancer.
The deep elf pyromancer is severely wounded.
You slice the deep elf pyromancer!! You freeze the deep elf pyromancer.
You kill the deep elf pyromancer!
No target in view!
No target in view!
Found Uruetut's Weapon Emporium.
You sense a monster nearby.
D - 5 potions of lignification (gained 1)
A two-headed ogre comes into view.
The two-headed ogre shouts in stereo!
A two-headed ogre is nearby!
Found a stone staircase leading up.
You dice the two-headed ogre like an onion!!!
You freeze the two-headed ogre.
The two-headed ogre is almost dead.
The two-headed ogre changes into a merfolk!
You slash the merfolk! You freeze the merfolk.
The merfolk is moderately wounded.
A merfolk is nearby!
A merfolk is nearby!
You closely miss the merfolk.
The merfolk is moderately wounded.
The merfolk hits you but does no damage.
You completely miss the merfolk.
The merfolk is moderately wounded.
You block the merfolk's attack.
You miss the merfolk.
The merfolk is moderately wounded.
The merfolk hits you.
You slice the merfolk!! You freeze the merfolk.
The merfolk is almost dead.
The merfolk hits you but does no damage.
You chop the merfolk into pieces!!! You freeze the merfolk.
You kill the merfolk!
No target in view!
t - 23 potions of curing (gained 1)
You see here a glowing shapeshifter corpse.
There is a stone staircase leading up here.
You climb upwards.
The deep elf archer shouts!
Found a stone staircase leading up.
There is a stone staircase leading down here.
You miss the deep elf archer. You block the deep elf archer's attack.
You slice the deep elf archer!! You freeze the deep elf archer!
The deep elf archer is almost dead.
The deep elf archer casts a spell at you.
You resist with almost no effort.
You hit the deep elf archer. You freeze the deep elf archer.
You kill the deep elf archer!
No target in view!
No target in view!
There is a stone staircase leading up, spattered with blood here.
Items here: )) [ †.
You climb upwards.
There is a stone staircase leading down here.
(D) Dungeon (T) Temple (L) Lair (S) Swamp (N) Spider Nest (M) Slime Pits (O) Orcish Mines (E) Elven Halls (V) Vaults (C) Crypt (U) Depths
Where to? (Enter - Elf:2 @ (x,y), ? - help)
You climb downwards.
There is a stone staircase leading up, spattered with blood here.
Items here: )) [ †.
(D) Dungeon (T) Temple (L) Lair (S) Swamp (N) Spider Nest (M) Slime Pits (O) Orcish Mines (E) Elven Halls (V) Vaults (C) Crypt (U) Depths
Where to? (Enter - Elf:2, ? - help)
There is a stone staircase leading down here.
You climb downwards.
Beware, you cannot shaft yourself on this level.
There is a stone staircase leading up here.
You open the door.
There is an open door here.
You sense a monster nearby.
An earth elemental comes into view.
An earth elemental is nearby!
You hit the earth elemental but do no damage.
You slice the earth elemental!!
The earth elemental is heavily damaged.
You block the earth elemental's attack.
You slice the earth elemental!!
The earth elemental is almost destroyed.
You hit the earth elemental but do no damage.
The earth elemental is almost destroyed.
You block the earth elemental's attack.
You slash the earth elemental!
You destroy the earth elemental!
No target in view!
A deep elf zephyrmancer comes into view.
It is wielding a +0 dagger.
The deep elf zephyrmancer shouts!
A deep elf zephyrmancer is nearby!
A deep elf zephyrmancer is nearby!
You stride towards the deep elf zephyrmancer!
You slice the deep elf zephyrmancer!! You freeze the deep elf zephyrmancer.
The deep elf zephyrmancer is almost dead.
The deep elf zephyrmancer barely misses you.
You slice the deep elf zephyrmancer!! You freeze the deep elf zephyrmancer.
You kill the deep elf zephyrmancer!
No target in view!
No target in view!
Things that are here:
a +0 dagger; an elf corpse Nemelex Xobeh goes to deal, but finds you have enough cards.
A +2 mace of draining comes into view.
A +2 mace of draining is nearby!
A +2 mace of draining is nearby!
A +2 mace of draining is nearby!
You stride towards the +2 mace of draining!
You hit the +2 mace of draining but do no damage.
You block the +2 mace of draining's attack.
You closely miss the +2 mace of draining.
You block the +2 mace of draining's attack.
You closely miss the +2 mace of draining.
The +2 mace of draining hits you but does no damage.
You feel drained.
You slice the +2 mace of draining!!
The +2 mace of draining is severely damaged.
The +2 mace of draining hits you but does no damage.
You feel drained.
You slice the +2 mace of draining!!
The +2 mace of draining falls from the air.
No target in view!
No target in view!
HP restored.
You see here a +2 mace of draining.
You sense a monster nearby.
A deep elf zephyrmancer comes into view.
It is wielding a +0 rapier.
A deep elf zephyrmancer is nearby!
The deep elf zephyrmancer shouts!
The deep elf zephyrmancer gestures at you while chanting.
The bolt of lightning hits you! The bolt of lightning hits you.
You slice the deep elf zephyrmancer!! You freeze the deep elf zephyrmancer!
The deep elf zephyrmancer is severely wounded.
You slice the deep elf zephyrmancer like a ripe choko!!!
You freeze the deep elf zephyrmancer.
You kill the deep elf zephyrmancer!
No target in view!
No target in view!
No target in view!
No target in view!
Things that are here:
a +0 rapier; a +0 chain mail
There is an entrance to Uruetut's Weapon Emporium here.
Unknown command.
You open the door.
There is an open door here.
A deep elf high priest comes into view. It is wielding a +0 long sword.
The deep elf high priest shouts!
You hear a shout! x6
A deep elf high priest is nearby!
A deep elf high priest is nearby!
A deep elf high priest is nearby!
A fire elemental comes into view.
The deep elf high priest invokes the aid of its god against you.
The sphere of damnation explodes!
The damnation engulfs you!!
The fire elemental moves out of view.
You hear a shout! x4
The deep elf high priest shouts, "You are a heretic and must be destroyed!"
There is an open door here.
You slash the deep elf high priest! You freeze the deep elf high priest.
The deep elf high priest is moderately wounded.
A deep elf zephyrmancer comes into view.
It is wielding a +0 long sword.
The deep elf high priest says, "All sinners must die."
You block the deep elf high priest's attack.
You hit the deep elf high priest. You freeze the deep elf high priest.
The deep elf high priest is moderately wounded.
The deep elf high priest invokes the aid of its god against you.
Something smites you!
You slash the deep elf high priest! You freeze the deep elf high priest.
The deep elf high priest is severely wounded.
The deep elf zephyrmancer mumbles some strange words.
The deep elf zephyrmancer blinks!
The deep elf high priest prays to its god.
The deep elf high priest begins emitting a brilliant aura!
The deep elf zephyrmancer is empowered by the deep elf high priest's aura!
You hear a shout!
You closely miss the deep elf high priest.
The deep elf high priest is severely wounded.
You slash the deep elf high priest! You freeze the deep elf high priest.
The deep elf high priest is almost dead.
The deep elf high priest calls down the wrath of its god upon you.
Something smites you!
A deep elf elementalist comes into view.
It is wielding a +0 rapier.
You slash the deep elf high priest! You freeze the deep elf high priest.
You kill the deep elf high priest!
Your life force feels restored.
A deep elf sorcerer comes into view. It is wielding a +0 short sword.
You block the deep elf zephyrmancer's attack.
There is an open door, spattered with blood here.
You see here a +0 long sword.
You slash the deep elf zephyrmancer! You freeze the deep elf zephyrmancer.
The deep elf zephyrmancer is moderately wounded.
The deep elf zephyrmancer gestures wildly while chanting.
The deep elf zephyrmancer blinks!
The deep elf elementalist casts a spell at you.
The fireball explodes!
The fireball engulfs you but does no damage.
You hear a shout! x2
You draw a card...
You have drawn the Orb.
Press: ? - help, Shift-Dir - straight line, f - deep elf elementalist
Aim: a deep elf elementalist, wielding a +0 rapier (spells empowered, repelling missiles, umbra)
The wavering orb of destruction hits the deep elf elementalist!!!
The deep elf elementalist is severely wounded.
The deep elf sorcerer mumbles some strange words.
The deep elf sorcerer seems to speed up.
The deep elf elementalist casts a spell at you.
Some walls begin to move on their own!
You hear a shout! x3
You stride towards the deep elf elementalist!
You slice the deep elf elementalist!! You freeze the deep elf elementalist.
You kill the deep elf elementalist!
The earth elemental disappears in a puff of smoke! x4
The deep elf sorcerer casts a spell at you.
The bolt of acid hits you.
The deep elf zephyrmancer casts a spell at you.
The bolt of lightning hits you!
The deep elf sorcerer gestures at you while chanting.
The bolt of acid hits you!!! The acid corrodes you!
Okay, then.
You deal a card...
You have dealt the Illusion.
Suddenly you stand beside yourself.
You deal a card...
You have dealt the Rangers.
You deal a card...
You have dealt the Elements.
You deal a card...
You have dealt the Illusion.
Suddenly you stand beside yourself.
The deep elf sorcerer hits your naga sharpshooter but does no damage.
A +1 trident of flaming comes into view.
The deep elf sorcerer points at you and mumbles some strange words.
The bolt of acid hits your naga sharpshooter!!
The acid corrodes your naga sharpshooter!
The bolt of acid hits you!!!
* * * LOW HITPOINT WARNING * * *
Unknown command.
You swap places.
The +1 trident of flaming is engulfed in blazing flames.
The deep elf zephyrmancer points at you and mumbles some strange words.
The bolt of lightning hits you!!!
* * * LOW HITPOINT WARNING * * *
The bolt of lightning hits you!!
* * * LOW HITPOINT WARNING * * *
The bolt of lightning hits the deep elf zephyrmancer!!
The bolt of lightning hits sleeves's illusion!!
The bolt of lightning hits sleeves's illusion!!!
The deep elf sorcerer hits your naga sharpshooter with a +0 short sword.
The +1 trident of flaming is engulfed in blazing flames.
Your wind drake closely misses the deep elf zephyrmancer.
Your naga sharpshooter unwields a +0 trident.
Your naga sharpshooter wields a +0 shortbow.
Your naga sharpshooter gestures wildly while chanting.
Your naga sharpshooter magically shoots an arrow.
The arrow completely misses the deep elf sorcerer.
Your catoblepas misses the deep elf zephyrmancer.
Your molten gargoyle hits the deep elf zephyrmancer with a +0 mace.
The deep elf zephyrmancer is engulfed in flames!
The deep elf zephyrmancer dies!
Unknown command.
Unknown command.
You feel much better.
The deep elf sorcerer closely misses your naga sharpshooter.
The deep elf sorcerer hits your naga sharpshooter with a +0 short sword!
Your naga sharpshooter spits poison at the deep elf sorcerer.
The splash of poison hits the deep elf sorcerer.
The deep elf sorcerer is poisoned.
The deep elf sorcerer points at you and mumbles some strange words.
The bolt of acid hits your naga sharpshooter!!!
Your naga sharpshooter seems to be corroded for longer.
Your naga sharpshooter dies!
Your naga sharpshooter's corpse disappears in a puff of smoke!
The bolt of acid hits your deep elf master archer!!!
The acid corrodes your deep elf master archer!
The bolt of acid hits you.
* * * LOW HITPOINT WARNING * * *
The deep elf sorcerer hits your wind drake with a +0 short sword!
Your wind drake exhales a fierce blast of wind!
The deep elf sorcerer is blown away by the wind.
Your wind drake bites the deep elf sorcerer.
Something hits sleeves's illusion!
There is a stone staircase leading up here.
Something hits sleeves's illusion.
Something hits sleeves's illusion but does no damage.
You climb upwards.
There is a stone staircase leading down here.
You start resting.
You are no longer corroded.
You start resting.
Magic restored.
You start resting.
HP restored.
You climb downwards.
Beware, you cannot shaft yourself on this level.
The deep elf sorcerer gestures at you while chanting.
The sphere of damnation explodes!
The damnation engulfs you!!!
You hear a shout!
There is a stone staircase leading up here.
You draw a card...
You have drawn Degeneration.
The deep elf sorcerer evaporates and reforms as a minotaur!
The minotaur twists and deforms.
The minotaur picks up a +0 short sword.
The minotaur wields a +0 short sword.
There are no items here.
There are no items here.
The +1 trident of flaming is engulfed in blazing flames.
The +1 trident of flaming hits you but does no damage.
You hit the fire elemental. You freeze the fire elemental.
The fire elemental is lightly damaged.
The +1 trident of flaming hits you but does no damage.
You block the fire elemental's attack.
You slice the fire elemental!! You freeze the fire elemental!
You destroy the fire elemental!
The minotaur is engulfed in blazing flames.
You block the +1 trident of flaming's attack.
You closely miss the minotaur.
The minotaur furiously retaliates!
The minotaur headbutts you, but does no damage.
The minotaur is moderately wounded.
You block the +1 trident of flaming's attack.
The minotaur hits you but does no damage.
The minotaur gores you but does no damage.
You completely miss the minotaur.
The minotaur is moderately wounded.
You block the +1 trident of flaming's attack.
You block the minotaur's attack.
The minotaur gores you but does no damage.
You block the +1 trident of flaming's attack.
You barely miss the minotaur.
The minotaur is moderately wounded.
You block the +1 trident of flaming's attack.
You slash the minotaur! You freeze the minotaur.
The minotaur is heavily wounded.
You block the minotaur's attack. x2
The +1 trident of flaming hits you but does no damage.
You hit the minotaur. You freeze the minotaur.
The minotaur is heavily wounded.
You block the +1 trident of flaming's attack.
You block the minotaur's attack.
The minotaur gores you but does no damage.
You slice the minotaur!! You freeze the minotaur!
You kill the minotaur!
The +1 trident of flaming barely misses you.
You block the +1 trident of flaming's attack.
You block the +1 trident of flaming's attack.
You see here a +0 short sword.
You miss the +1 trident of flaming.
You block the +1 trident of flaming's attack.
The +1 trident of flaming barely misses you.
You closely miss the +1 trident of flaming.
You block the +1 trident of flaming's attack.
You slice the +1 trident of flaming!! You freeze the +1 trident of flaming.
The +1 trident of flaming is severely damaged.
The +1 trident of flaming hits you! The +1 trident of flaming burns you.
You completely miss the +1 trident of flaming.
The +1 trident of flaming is severely damaged.
You block the +1 trident of flaming's attack.
You hit the +1 trident of flaming.
The +1 trident of flaming falls from the air.
Training target 20.0 for Fighting reached!
Your Fighting skill increases to level 20!
You need to enable at least one skill for training.
HP restored.
You see here a +1 trident of flaming.
Things that are here:
a +0 leather armour; a +0 long sword; an elf corpse
There is an open door, spattered with blood here.
You see here a +0 long sword.
Things that are here:
a +0 rapier; an elf corpse A deep elf sorcerer comes into view.
It is wielding a +0 dagger.
Found 2 stones.
The deep elf sorcerer shouts!
The deep elf sorcerer points at you and mumbles some strange words.
The sphere of damnation explodes!
The damnation engulfs you!!
You hear a shout! x2
Things that are here:
a +0 rapier; an elf corpse
There is an open door, spattered with blood here.
You see here a +0 long sword.
You see here a +1 trident of flaming.
There is a stone staircase leading up here.
You draw a card...
You have drawn Vitriol.
You radiate a wave of entropy!
The acid corrodes the deep elf sorcerer!
Press: ? - help, Shift-Dir - straight line, f - deep elf sorcerer
Aim: a deep elf sorcerer, wielding a +0 dagger (covered in acid)
The bolt of acid hits the deep elf sorcerer!!!
The deep elf sorcerer seems to be corroded for longer.
The deep elf sorcerer is almost dead.
The deep elf sorcerer mumbles some strange words.
The deep elf sorcerer seems to speed up.
You draw a card...
You have drawn Pain.
Press: ? - help, Shift-Dir - straight line, f/p - deep elf sorcerer
Aim: a deep elf sorcerer, wielding a +0 dagger (almost dead, fast, covered in acid)
The bolt of negative energy hits the deep elf sorcerer!!!
The deep elf sorcerer is drained!
You kill the deep elf sorcerer!
A deep elf death mage comes into view. It is wielding a +0 long sword.
The deep elf death mage shouts!
You see here a +1 trident of flaming.
You stride towards the deep elf death mage!
You slash the deep elf death mage! You freeze the deep elf death mage.
The deep elf death mage is moderately wounded.
The deep elf death mage points at you and mumbles some strange words.
The bolt of negative energy hits you!
You feel drained.
You slash the deep elf death mage! You freeze the deep elf death mage.
The deep elf death mage is heavily wounded.
The deep elf death mage hits you with a +0 long sword.
You slash the deep elf death mage! You freeze the deep elf death mage.
The deep elf death mage is severely wounded.
The deep elf death mage beckons forth a restless soul!
You slice the deep elf death mage!! You freeze the deep elf death mage!
The lost soul assumes the form of the deep elf death mage and becomes anchored to this world!
You hit the ghostly deep elf death mage.
You freeze the ghostly deep elf death mage.
The ghostly deep elf death mage is lightly damaged.
The ghostly deep elf death mage hits you but does no damage.
You slice the ghostly deep elf death mage!!
You freeze the ghostly deep elf death mage!
The ghostly deep elf death mage is almost destroyed.
You block the ghostly deep elf death mage's attack.
You slash the ghostly deep elf death mage!
You freeze the ghostly deep elf death mage.
You destroy the ghostly deep elf death mage!
No target in view!
A deep elf annihilator comes into view. It is wielding a +0 long sword.
The deep elf annihilator shouts!
A deep elf annihilator is nearby!
You draw a card...
You have drawn Degeneration.
The deep elf annihilator evaporates and reforms as a death yak!
The death yak twists and deforms.
There is an open door, spattered with blood here.
You see here a +0 long sword.
Things that are here:
a +0 leather armour; a +0 long sword; an elf corpse You see here a +0 short sword.
There is a stone staircase leading up here.
You see here a +1 trident of flaming.
You slice the death yak like a ripe choko!!!
You freeze the death yak!!
The death yak is almost dead.
The death yak gores you but does no damage.
You slice the death yak!! You freeze the death yak.
You kill the death yak!
The deep elf annihilator returns to its original shape as it dies.
No target in view!
You see here an elf corpse.
Things that are here:
a +0 long sword; a +0 leather armour; an elf corpse A deep elf master archer comes into view.
The deep elf master archer shouts!
The deep elf master archer wields a +0 longbow of flaming.
It bursts into flame!
The deep elf master archer shoots an arrow.
You block the arrow.
The deep elf master archer shoots an arrow.
You block the arrow.
Things that are here:
a +0 dagger; a +0 rapier; an elf skeleton
Things that are here:
a +0 long sword; a +0 leather armour; an elf corpse The deep elf master archer shoots an arrow.
You block the arrow.
The deep elf master archer shoots an arrow.
The arrow hits you! The arrow burns you.
The deep elf master archer shoots an arrow.
You block the arrow.
The deep elf master archer shoots an arrow.
The arrow hits you.
The deep elf master archer shoots an arrow.
You block the arrow.
The deep elf master archer shoots an arrow.
The arrow hits you. The arrow burns you.
The deep elf master archer shoots an arrow.
You block the arrow.
The deep elf master archer shoots an arrow.
The arrow hits you!! The arrow burns you.
There is an open door, spattered with blood here.
You see here a +0 long sword.
You stride towards the deep elf master archer!
You chop the deep elf master archer into pieces!!!
You freeze the deep elf master archer.
The deep elf master archer is heavily wounded.
The deep elf master archer shoots an arrow.
You block the arrow.
You hit the deep elf master archer. You freeze the deep elf master archer.
The deep elf master archer is severely wounded.
The deep elf master archer unwields a +0 longbow of flaming.
It stops flaming.
You block the deep elf master archer's attack.
You slash the deep elf master archer! You freeze the deep elf master archer.
The deep elf master archer is almost dead.
The deep elf master archer wields a +0 longbow of flaming.
It bursts into flame!
The deep elf master archer shoots an arrow.
You block the arrow.
You slice the deep elf master archer!! You freeze the deep elf master archer.
You kill the deep elf master archer!
Items here: ))) [ ÷ †.
There is an open door, spattered with blood here.
You see here a +0 long sword.
Things that are here:
a +0 leather armour; a +0 long sword; an elf skeleton You start resting.
HP restored.
There is an open door, spattered with blood here.
You see here a +0 long sword.
Items here: ))) [ ÷ †.
You sense a monster nearby.
A deep elf death mage comes into view. It is wielding a +0 dagger.
You start waiting.
A deep elf death mage is nearby!
You slice the deep elf death mage!! You freeze the deep elf death mage.
The deep elf death mage is moderately wounded.
You block the deep elf death mage's attack.
You slice the deep elf death mage!! You freeze the deep elf death mage!
The deep elf death mage is almost dead.
You block the deep elf death mage's attack.
You closely miss the deep elf death mage.
The deep elf death mage is almost dead.
You block the deep elf death mage's attack.
You barely miss the deep elf death mage.
The deep elf death mage is almost dead.
You hit the deep elf death mage. You freeze the deep elf death mage.
You kill the deep elf death mage!
Your life force feels restored.
No target in view!
HP restored.
A deep elf annihilator comes into view. It is wielding a +0 long sword.
A deep elf annihilator is nearby!
A deep elf annihilator is nearby!
You draw a card...
You have drawn the Storm.
A mighty gale blasts forth from the card!
The electrical discharge engulfs the deep elf annihilator!!!
The deep elf annihilator is heavily wounded.
The electrical discharge engulfs the deep elf annihilator!!
The deep elf annihilator is almost dead.
The electrical discharge engulfs the deep elf annihilator!!
You kill the deep elf annihilator!
You hear violent peals of thunder!
You hear a shout! x14
You start waiting.
A deep elf zephyrmancer comes into view.
It is wielding a +0 dagger.
The deep elf zephyrmancer shouts!
The deep elf zephyrmancer gestures at you while chanting.
The bolt of lightning misses you.
You start waiting.
A deep elf zephyrmancer is nearby!
You block the deep elf zephyrmancer's attack.
You barely miss the deep elf zephyrmancer.
You block the deep elf zephyrmancer's attack.
You slash the deep elf zephyrmancer! You freeze the deep elf zephyrmancer.
The deep elf zephyrmancer is moderately wounded.
The deep elf zephyrmancer hits you but does no damage.
You slash the deep elf zephyrmancer! You freeze the deep elf zephyrmancer.
The deep elf zephyrmancer is severely wounded.
The deep elf zephyrmancer hits you but does no damage.
You hit the deep elf zephyrmancer. You freeze the deep elf zephyrmancer.
The deep elf zephyrmancer is almost dead.
You slice the deep elf zephyrmancer!! You freeze the deep elf zephyrmancer.
You kill the deep elf zephyrmancer!
Things that are here:
a +0 dagger; an elf corpse A deep elf sorcerer comes into view.
It is wielding a +0 rapier.
The deep elf sorcerer shouts!
Things that are here:
a +0 dagger; an elf corpse You start waiting.
You sense a monster nearby.
You start waiting.
A deep elf sorcerer is nearby!
You block the deep elf sorcerer's attack.
You slice the deep elf sorcerer!! You freeze the deep elf sorcerer.
The deep elf sorcerer is severely wounded.
The deep elf sorcerer hits you with a +0 rapier.
You slash the deep elf sorcerer! You freeze the deep elf sorcerer.
The deep elf sorcerer is almost dead.
The deep elf sorcerer hits you but does no damage.
You slice the deep elf sorcerer!! You freeze the deep elf sorcerer.
You kill the deep elf sorcerer!
HP restored.
Items here: )) ††.
You sense a monster nearby.
A deep elf zephyrmancer comes into view.
It is wielding a +0 rapier.
Throw: 23 boomerangs
Press: ? - help, Q - select action, (/) - cycle Shift-Dir - straight line, f - deep elf zephyrmancer
Aim: a deep elf zephyrmancer, wielding a +0 rapier (wandering, hasn't noticed you, 62% to hit)
You throw a boomerang.
The boomerang hits the deep elf zephyrmancer!
The deep elf zephyrmancer is moderately wounded.
The deep elf zephyrmancer gestures at you while chanting.
The bolt of lightning misses you.
You start waiting.
A deep elf zephyrmancer is nearby!
You stride towards the deep elf zephyrmancer!
You cut the deep elf zephyrmancer into ribbons!!!
You freeze the deep elf zephyrmancer.
You kill the deep elf zephyrmancer!
No target in view!
Things that are here:
a +0 rapier; an elf corpse You sense a monster nearby.
s - a wand of digging (12) (gained 4 charges)
A +0 long sword of electrocution comes into view.
You stride towards the +0 long sword of electrocution!
You hit the +0 long sword of electrocution.
The +0 long sword of electrocution is lightly damaged.
The +0 long sword of electrocution hits you but does no damage.
You closely miss the +0 long sword of electrocution.
The +0 long sword of electrocution is lightly damaged.
You block the +0 long sword of electrocution's attack. x2
You slice the +0 long sword of electrocution!!
You freeze the +0 long sword of electrocution.
The +0 long sword of electrocution is almost destroyed.
You block the +0 long sword of electrocution's attack.
You closely miss the +0 long sword of electrocution.
The +0 long sword of electrocution is almost destroyed.
You block the +0 long sword of electrocution's attack.
You closely miss the +0 long sword of electrocution.
The +0 long sword of electrocution is almost destroyed.
You block the +0 long sword of electrocution's attack.
A deep elf blademaster comes into view. It is wielding two +0 rapiers.
The deep elf blademaster shouts!
You hit the +0 long sword of electrocution but do no damage.
The +0 long sword of electrocution is almost destroyed.
You block the +0 long sword of electrocution's attack.
You closely miss the +0 long sword of electrocution.
The +0 long sword of electrocution is almost destroyed.
The +0 long sword of electrocution hits you but does no damage.
You are electrocuted!
You barely miss the +0 long sword of electrocution.
The +0 long sword of electrocution is almost destroyed.
The +0 long sword of electrocution hits you but does no damage. x2
You hit the +0 long sword of electrocution but do no damage.
The +0 long sword of electrocution is severely damaged.
You block the +0 long sword of electrocution's attack.
You draw a card...
You have drawn Pain.
Press: ? - help, Shift-Dir - straight line, f - +0 long sword of electrocution
Aim: a +0 long sword of electrocution (severely damaged, umbra)
The +0 long sword of electrocution is unaffected.
You block the +0 long sword of electrocution's attack.
A deep elf annihilator comes into view. It is wielding a +0 short sword.
The +0 long sword of electrocution hits you but does no damage.
You block the deep elf blademaster's attack. x2
The +0 long sword of electrocution hits you but does no damage.
You block the deep elf blademaster's attack.
The deep elf blademaster hits you but does no damage.
Unknown command.
Unknown command.
You draw a card...
You have drawn the Orb.
Press: ? - help, Shift-Dir - straight line, f - deep elf blademaster, p - +0 long sword of electrocution
Aim: a deep elf blademaster, wielding two +0 rapiers and wearing a +0 leather armour (umbra)
The wavering orb of destruction weakly hits the +0 long sword of electrocution!!
The +0 long sword of electrocution falls from the air.
You hear a shout!
The deep elf annihilator gestures at you while chanting.
The bolt of lightning hits you.
The deep elf blademaster hits you but does no damage.
You block the deep elf blademaster's attack.
You draw a card...
You have drawn Vitriol.
Press: ? - help, Shift-Dir - straight line, f/p - deep elf blademaster
Aim: a deep elf blademaster, wielding two +0 rapiers and wearing a +0 leather armour (umbra)
The bolt of acid hits the deep elf blademaster!!
The deep elf blademaster is moderately wounded.
The deep elf blademaster hits you but does no damage. x2
A deep elf death mage comes into view. It is wielding a +0 long sword.
The deep elf blademaster hits you with a +0 rapier!
You block the deep elf blademaster's attack.
You draw a card...
You reveal a symbol of torment!
The deep elf blademaster convulses!
The deep elf annihilator convulses!
The deep elf death mage convulses!
You have drawn Pain.
Press: ? - help, Shift-Dir - straight line, f/p - deep elf blademaster
Aim: a deep elf blademaster, wielding two +0 rapiers and wearing a +0 leather armour (heavily wounded, umbra)
The bolt of negative energy hits the deep elf blademaster!!!
The deep elf blademaster is drained!
You kill the deep elf blademaster!
You stride towards the deep elf annihilator!
A deep elf high priest and a deep elf death mage come into view.
The deep elf high priest shouts!
The deep elf death mage shouts!
You slice the deep elf annihilator!! You freeze the deep elf annihilator!
You kill the deep elf annihilator!
The deep elf death mage beckons forth a restless soul!
You stride towards the deep elf high priest!
A deep elf annihilator comes into view. It is wielding a +0 short sword.
You barely miss the deep elf high priest.
You closely miss the deep elf death mage.
The deep elf annihilator shouts!
A deep elf annihilator comes into view.
It is wielding a +0 long sword of holy wrath.
The deep elf death mage hits you but does no damage.
A deep elf sorcerer comes into view. It is wielding a +0 long sword.
You block the deep elf high priest's attack.
The deep elf high priest attacks as you move away!
You block the deep elf high priest's attack.
You block the deep elf death mage's attack.
The deep elf high priest utters a dark prayer and points at you.
Your life force is offered up.
The deep elf death mage is healed.
You feel protected.
You block the deep elf death mage's attack.
The deep elf high priest utters a dark prayer and points at you.
Your life force is offered up.
The deep elf death mage is healed.
You fade into invisibility!
You block the deep elf death mage's attack.
A deep elf demonologist comes into view.
It is wielding a +0 long sword.
Okay, then.
You draw a card...
You have drawn the Elements.
The deep elf demonologist shouts!
You hear a shout!
A deep elf annihilator comes into view. It is wielding a +0 long sword.
The deep elf death mage hits you but does no damage.
You block the deep elf high priest's attack.
A deep elf blademaster comes into view.
It is wielding two +2 rapiers of holy wrath.
You draw a card...
You have drawn the Rangers.
The deep elf annihilator gestures wildly while chanting.
The deep elf annihilator blinks!
The deep elf death mage hits you but does no damage.
You block the deep elf death mage's attack.
You block the deep elf high priest's attack.
Your basilisk closely misses the deep elf death mage.
You slash the deep elf high priest! You freeze the deep elf high priest.
The deep elf high priest is moderately wounded.
You closely miss the deep elf death mage.
You completely miss the deep elf death mage.
The deep elf annihilator casts a spell.
The deep elf annihilator blinks!
The deep elf annihilator mumbles some strange words.
The deep elf annihilator blinks!
You block the deep elf death mage's attack.
The deep elf death mage hits your fire vortex with a +0 dagger!
The deep elf high priest barely misses you.
The deep elf annihilator gestures wildly while chanting.
The deep elf annihilator blinks!
Your centaur warrior closely misses the deep elf high priest.
Your centaur warrior kicks the deep elf high priest but does no damage.
You hit the deep elf high priest but do no damage.
The deep elf high priest is moderately wounded.
You completely miss the deep elf death mage.
You slash the deep elf death mage! You freeze the deep elf death mage.
Your basilisk bites the deep elf death mage!
Your raiju bites the deep elf death mage.
Your raiju shocks the deep elf death mage!
Your centaur warrior hits the deep elf high priest!
Your centaur warrior kicks the deep elf high priest but does no damage.
You block the deep elf death mage's attack.
The deep elf demonologist gestures wildly while chanting.
The deep elf death mage hits your centaur warrior with a +0 dagger!
A deep elf annihilator comes into view. It is wielding a +0 rapier.
You hear a shout!
You slash the deep elf death mage! You freeze the deep elf death mage.
The deep elf death mage is heavily wounded.
You slash the deep elf death mage! You freeze the deep elf death mage.
The hellwing gives a chilling moan.
Your centaur warrior hits the deep elf death mage!
Your centaur warrior kicks the deep elf death mage.
Your centaur warrior barely misses the deep elf high priest.
Your centaur warrior misses the deep elf high priest.
Your raiju closely misses the deep elf death mage.
Your basilisk bites the deep elf death mage.
You catch the helpless deep elf death mage completely off-guard!
You slice the deep elf death mage!! You freeze the deep elf death mage.
The lost soul assumes the form of the deep elf death mage and becomes anchored to this world!
You closely miss the deep elf death mage.
The hellwing gives a chilling moan.
You hear a shout!
Your centaur warrior hits the ghostly deep elf death mage.
Your centaur warrior kicks the ghostly deep elf death mage but does no damage.
Your centaur warrior hits the deep elf high priest but does no damage.
Your centaur warrior kicks the deep elf high priest.
The deep elf high priest utters an invocation to its god.
The deep elf high priest begins emitting a brilliant aura!
The deep elf annihilator is empowered by the deep elf high priest's aura! x2
The ghostly deep elf death mage is empowered by the deep elf high priest's aura!
The deep elf demonologist is empowered by the deep elf high priest's aura!
The deep elf death mage is empowered by the deep elf high priest's aura!
The deep elf annihilator is empowered by the deep elf high priest's aura! x2
The ghostly deep elf death mage barely misses you.
The deep elf death mage casts a spell at you.
The bolt of negative energy hits you!!!
You feel drained.
The bolt of negative energy misses your raiju.
The deep elf annihilator hits your naga sharpshooter but does no damage.
Your basilisk bites the deep elf death mage!
Your raiju closely misses the ghostly deep elf death mage.
You slash the deep elf death mage! You freeze the deep elf death mage.
You kill the deep elf death mage!
You hit the ghostly deep elf death mage but do no damage.
The hellwing gives a chilling moan.
You hear a shout! x2
Your centaur warrior hits the deep elf high priest but does no damage.
Your centaur warrior kicks the deep elf high priest but does no damage.
Your centaur warrior barely misses the ghostly deep elf death mage.
Your centaur warrior kicks the ghostly deep elf death mage but does no damage.
The deep elf annihilator hits your naga sharpshooter with a +0 short sword!
A deep elf archer comes into view. It is wielding a +0 vorpal halberd.
The deep elf demonologist casts a spell.
Send 'em back where they came from!
Your raiju disappears in a puff of smoke!
Your centaur warrior disappears in a puff of smoke! x2
Your naga sharpshooter shudders.
You block the ghostly deep elf death mage's attack.
The deep elf annihilator gestures wildly while chanting.
The deep elf annihilator blinks!
The deep elf annihilator casts a spell at you.
You block the poison arrow.
Your naga sharpshooter unwields a +0 hand axe.
Your naga sharpshooter wields a +0 arbalest.
Your naga sharpshooter shoots a bolt.
The bolt misses the deep elf annihilator.
You barely miss the ghostly deep elf death mage.
You closely miss the deep elf high priest.
The hellwing gives a chilling moan.
The deep elf annihilator casts a spell.
The deep elf annihilator blinks!
A deep elf annihilator comes into view. It is wielding a +0 long sword.
The ghostly deep elf death mage hits you but does no damage.
The deep elf annihilator gestures wildly while chanting.
The deep elf annihilator blinks!
The deep elf sorcerer is empowered by the deep elf high priest's aura!
The deep elf archer is empowered by the deep elf high priest's aura!
The deep elf high priest closely misses you.
The deep elf sorcerer casts a spell.
The deep elf sorcerer seems to speed up.
You barely miss the ghostly deep elf death mage.
You hit the deep elf high priest. You freeze the deep elf high priest.
The hellwing gives a chilling moan.
Your basilisk closely misses the deep elf blademaster.
Your naga sharpshooter shoots a bolt.
The bolt hits the ghostly deep elf death mage!
You block the ghostly deep elf death mage's attack.
The deep elf high priest barely misses you.
The deep elf annihilator gestures wildly while chanting.
The deep elf annihilator blinks!
The deep elf annihilator hits your naga sharpshooter with a +0 short sword.
You hit the ghostly deep elf death mage.
You freeze the ghostly deep elf death mage.
The ghostly deep elf death mage is moderately damaged.
You completely miss the deep elf high priest.
The hellwing gives a chilling moan.
Your basilisk closely misses the hellwing.
Your naga sharpshooter shoots a bolt.
The bolt hits the ghostly deep elf death mage!!
You barely miss the ghostly deep elf death mage.
The ghostly deep elf death mage is severely damaged.
You hit the deep elf high priest but do no damage.
You strike the helpless deep elf blademaster from behind!
You slice the deep elf blademaster!! You freeze the deep elf blademaster!
The deep elf blademaster hits you but does no damage. x2
A deep elf knight comes into view. It is wielding a +0 antimagic mace.
The deep elf annihilator gestures wildly while chanting.
The deep elf annihilator blinks!
The deep elf annihilator hits your naga sharpshooter with a +0 short sword.
The deep elf high priest hits you but does no damage.
The ghostly deep elf death mage beckons forth a restless soul!
The deep elf blademaster hits you with a +2 rapier of holy wrath.
The deep elf blademaster hits you but does no damage.
Your naga sharpshooter spits poison at the deep elf annihilator.
The splash of poison hits the deep elf annihilator.
You strike the helpless deep elf high priest from behind!
You slash the deep elf high priest! You freeze the deep elf high priest.
The lost soul assumes the form of the deep elf high priest and becomes anchored to this world!
You slice the deep elf blademaster!! You freeze the deep elf blademaster!
You slash the ghostly deep elf death mage!
You freeze the ghostly deep elf death mage.
The hellwing gives a chilling moan.
You block the deep elf blademaster's attack.
The deep elf blademaster hits you but does no damage.
The deep elf demonologist gestures wildly while chanting.
The ghostly deep elf death mage hits you with a +0 dagger.
The ghostly deep elf high priest hits you but does no damage.
The deep elf annihilator casts a spell.
The deep elf annihilator blinks!
The deep elf annihilator gestures wildly while chanting.
The deep elf annihilator blinks!
The smoke demon barely misses your basilisk.
The smoke demon hits your basilisk.
The smoke demon hits your basilisk but does no damage.
The hellwing hits your basilisk. The hellwing hits your basilisk!
You draw a card...
You have drawn the Rangers.
Your naga sharpshooter shoots a bolt.
The bolt hits the deep elf annihilator!!
Your basilisk bites the hellwing!
You block the deep elf blademaster's attack.
The deep elf blademaster hits you with a +2 rapier of holy wrath.
Your fire vortex closely misses the ghostly deep elf death mage.
The ghostly deep elf death mage gestures at you while chanting.
The bolt of negative energy misses you.
The deep elf annihilator gestures wildly while chanting.
The deep elf annihilator blinks!
The deep elf annihilator mumbles some strange words.
The deep elf annihilator blinks!
A deep elf annihilator comes into view. It is wielding a +0 long sword.
The deep elf annihilator is empowered by the ghostly deep elf high priest's aura!
The ghostly deep elf high priest barely misses your basilisk.
The hellwing hits your basilisk!
The hellwing hits your basilisk but does no damage.
Unknown command.
Unknown command.
You miss the deep elf blademaster.
The deep elf blademaster is severely wounded.
You barely miss the ghostly deep elf death mage.
You slice the ghostly deep elf high priest!!
You freeze the ghostly deep elf high priest!
You block the deep elf blademaster's attack.
The deep elf blademaster hits you with a +2 rapier of holy wrath!
* * * LOW HITPOINT WARNING * * *
Your fire vortex barely misses the ghostly deep elf death mage.
Your basilisk barely misses the hellwing.
Your naga sharpshooter mumbles some strange words.
Your naga sharpshooter magically shoots a bolt.
The bolt hits the deep elf annihilator!!
The deep elf sorcerer reads a scroll.
Wisps of shadow swirl around the deep elf sorcerer.
Your centaur warrior hits the deep elf blademaster but does no damage.
Your centaur warrior kicks the deep elf blademaster.
The deep elf annihilator gestures wildly while chanting.
The deep elf annihilator blinks!
The ghostly deep elf death mage draws life force from you!!!
* * * LOW HITPOINT WARNING * * *
The ghostly deep elf death mage is healed by the life force!
Unknown command.
Unknown command.
You swap places.
Your basilisk disappears in a puff of smoke!
The deep elf blademaster hits your centaur warrior with a +2 rapier of holy wrath!
The deep elf blademaster hits your centaur warrior but does no damage.
Your fire vortex hits the deep elf blademaster.
Your fire vortex burns the deep elf blademaster!
Your fire vortex dissipates!
Your centaur warrior completely misses the deep elf blademaster.
Your centaur warrior misses the deep elf blademaster.
Your centaur warrior completely misses the deep elf blademaster.
Your centaur warrior kicks the deep elf blademaster.
Your naga sharpshooter shoots a bolt.
The bolt barely misses the deep elf annihilator.
The deep elf blademaster hits your centaur warrior with a +2 rapier of holy wrath!!
The deep elf blademaster hits your centaur warrior with a +2 rapier of holy wrath!
The water elemental hits your centaur warrior!
The water elemental engulfs your centaur warrior in water!
The deep elf zephyrmancer hits your naga sharpshooter with a +0 long sword!
The deep elf zephyrmancer is empowered by the ghostly deep elf high priest's aura!
Things that are here:
a +0 short sword; 14 gold pieces Unknown command.
You feel much better.
Your centaur warrior is asphyxiated!
The deep elf sorcerer hits your centaur warrior with a +0 long sword.
Your centaur warrior misses the deep elf blademaster.
Your centaur warrior kicks the deep elf blademaster.
Your centaur warrior completely misses the deep elf blademaster.
Your centaur warrior barely misses the deep elf blademaster.
The deep elf blademaster hits your centaur warrior with a +2 rapier of holy wrath!
Your centaur warrior dies!
Your centaur warrior's corpse disappears in a puff of smoke!
Your naga sharpshooter shoots a bolt.
The bolt hits the deep elf annihilator!
The deep elf sorcerer hits your centaur warrior with a +0 long sword.
The earth elemental misses your centaur warrior.
Your centaur warrior hits the deep elf sorcerer!
Your centaur warrior kicks the deep elf sorcerer but does no damage.
You block the ghostly deep elf death mage's attack.
The deep elf annihilator points at you and mumbles some strange words.
The iron shot hits you!
* * * LOW HITPOINT WARNING * * *
The deep elf annihilator points at you and mumbles some strange words.
The crystal spear hits you!!!
You die...
Your body glows with a rainbow of weird colours and disappears.

##...............##
#...(...###.......#
#......## ##......#
#..§..## ##)....#
#...).# #.....#
#...))## ##.....#
#....e.## ##......#
#.......###.......#
##..e@e..........##
##.E☼eN.e......##
#.ce.ee.).....#
#E4ee.........#
###.3.......###
{#(#######'# .3ee
... ...e.# ....
.....# ...


You could see a deep elf blademaster (unaware, unable to see you), 6 deep elf
annihilators, a ghostly deep elf death mage (empowered), a deep elf sorcerer
(fast, empowered, ally target), a sun demon (summoned, wandering, unable to see
you), a deep elf archer (empowered, repels missiles, unable to see you), a deep
elf knight (unable to see you), a ghostly deep elf high priest (brilliance aura,
unable to see you), an earth elemental (summoned, wandering, unable to see you),
a hellwing (summoned, unable to see you), a water elemental (summoned,
wandering, unable to see you), a deep elf zephyrmancer (summoned, empowered,
unable to see you), a smoke demon (summoned, unable to see you), a +2 short
sword of electrocution (summoned, unable to see you), a friendly naga
sharpshooter (summoned) and a friendly centaur warrior (summoned).

Vanquished Creatures
  Boris (Vaults:3)
  A deep elf master archer (Elf:3)
  Asterion (Elf:2)
  A deep elf blademaster (Elf:3)
  2 sphinxes (Vaults:3)
  Agnes (D:14)
  2 storm dragons
  A shadow dragon (Vaults:2)
  A thorn hunter (Swamp:4)
  Donald (Swamp:2)
  3 fenstrider witches
  A fire giant (D:15)
  A rockslime (Elf:3)
  2 frost giants (Vaults:4)
  An emperor scorpion (Spider:1)
  9 vault wardens
  4 deep elf sorcerers
  Aizul (Swamp:3)
  4 ghost moths (Spider:4)
  A deep elf elementalist (Elf:3)
  5 ironbound preservers
  3 quicksilver oozes
  4 ironbound thunderhulks
  6 eleionomae
  2 deep elf annihilators (Elf:3)
  A deep elf demonologist (Elf:2)
  11 dire elephants
  2 broodmothers
  A red draconian (Volcano)
  Nessos (D:14)
  3 spark wasps
  8 entropy weavers
  An eidolon (Vaults:2)
  7 bunyips
  An ettin (Swamp:2)
  A minotaur (Elf:3)
  Josephine (Spider:1)
  2 deep elf high priests
  4 crystal guardians (Vaults:3)
  A shambling mangrove (Swamp:4)
  5 deep elf death magi
  7 yaktaur captains
  3 great orbs of eyes
  21 hydras
  6 vault guards
  9 boulder beetles
  2 ogre magi
  3 peacekeepers (Vaults:3)
  10 ironbound frosthearts
  A merfolk avatar (Lair:5)
  3 ghost crabs
  5 catoblepae
  A death knight (Vaults:2)
  32 dancing weapons
  8 two-headed ogres
  9 centaur warriors
  6 radroaches
  A jorogumo (Spider:3)
  4 alligators
  A death yak (Elf:3)
  A tengu warrior (D:15)
  A spriggan berserker (Swamp:4)
  A vampire mage (Vaults:2)
  18 deep elf knights
  Nergalle (Orc:2)
  A sun moth (Spider:4)
  2 spriggan druids
  2 sea snakes (Lair:5)
  2 glowing orange brains
  3 steelbarb worms (Spider:2)
  4 goliath frogs
  9 swamp dragons
  6 pharaoh ants
  10 orb spiders
  14 deep elf archers
  12 bog bodies
  6 wizards
  15 deep trolls
  9 harpies
  21 deep elf pyromancers
  3 orc knights
  6 ironbound convokers
  32 deep elf zephyrmancers
  3 lindwurms (Vaults:1)
  A mana viper (shapeshifter) (Elf:3)
  An oklob plant (Lair:1)
  28 wolf spiders
  4 manticores
  22 ugly things
  3 cyclopes
  4 will-o-the-wisps
  10 orc sorcerers (Orc:2)
  4 salamanders (Volcano)
  Joseph (D:8)
  6 vault sentinels
  2 black mambas (Lair:1)
  9 elephants
  A guardian serpent (Lair:3)
  4 moths of wrath
  A molten gargoyle (Volcano)
  5 torpor snails
  A gargoyle (D:12)
  4 rime drakes
  5 kobold demonologists
  13 komodo dragons
  13 cane toads
  7 demonic crawlers
  An unseen horror (D:10)
  An efreet (D:13)
  2 freezing wraiths
  A yaktaur (shapeshifter) (Elf:2)
  A tengu conjurer (D:15)
  35 yaktaurs
  A queen bee (Spider:1)
  5 polar bears
  A merfolk (shapeshifter) (Elf:3)
  3 meliai (D:14)
  11 hornets
  9 trolls
  A wind drake (Lair:5)
  Prince Ribbit (D:8)
  9 blink frogs
  8 tyrant leeches
  24 slime creatures
  26 tarantellas
  A snapping turtle (Lair:5)
  9 air elementals
  25 culicivoras
  22 jumping spiders
  3 vampires
  2 shadows
  A culicivora (shapeshifter) (Elf:3)
  6 wraiths
  6 water elementals
  36 yaks
  6 fire bats
  7 spriggans
  3 wyverns
  4 basilisks
  3 fire elementals
  17 humans
  59 redbacks
  2 golden eyes
  7 steam dragons
  4 wargs
  6 vampire mosquitoes
  18 swamp worms
  3 acid dragons
  9 water moccasins
  10 swamp drakes
  25 orc warriors
  An ice beast (D:7)
  7 black bears
  2 wolves
  10 centaurs
  11 ogres
  2 phantoms
  2 kobold brigands
  12 bullfrogs
  3 gnoll sergeants
  2 scorpions
  2 earth elementals
  A water moccasin zombie (D:7)
  18 wights
  8 killer bees (Spider:1)
  5 howler monkeys
  An electric eel (Lair:3)
  A bullfrog zombie (D:7)
  4 lava snakes (Volcano)
  A centaur zombie (D:7)
  7 hounds
  A jelly (Orc:2)
  A gnoll bouda (D:8)
  16 orc priests
  9 iguanas
  36 orc wizards
  A killer bee zombie (D:7)
  4 howler monkey zombies (D:7)
  12 gnolls
  5 adders
  2 shadow imps
  2 ufetubi (D:5)
  6 worms
  4 dart slugs
  100 orcs
  11 ball pythons
  6 endoplasms
  5 giant cockroaches
  3 goblins
  17 hobgoblins
  8 jackals
  23 kobolds
  A quokka (D:3)
  5 bats
  3 frilled lizards
  4 rats
1391 creatures vanquished.

Vanquished Creatures (collateral kills)
  An orc warlord (Orc:1)
  A salamander mystic (Volcano)
  A deep elf zephyrmancer (Elf:3)
  A warg (Orc:1)
  An ogre (D:6)
  2 centaurs (D:6)
  A gnoll sergeant (D:6)
  2 hounds (D:6)
  A gnoll bouda (D:6)
  2 gnolls (D:6)
  A kobold (D:6)
14 creatures vanquished.

Vanquished Creatures (others)
  A deep elf knight (Elf:1)
  A salamander (Volcano)
  A bloated husk (Swamp:2)
  2 tyrant leeches (Swamp:1)
  A hornet (Swamp:1)
  A spriggan (Swamp:1)
  A redback (Spider:3)
  A gnoll (D:8)
  6 foxfires
  55 fungi
  66 plants
136 creatures vanquished.

Grand Total: 1541 creatures vanquished

Notes
Turn   | Place    | Note
-------+----------+-------------------------------------------
     0 | D:1      | sleeves the Formicid Brigand began the quest for the Orb.
     0 | D:1      | Reached XP level 1. HP: 16/16 MP: 1/1
   137 | D:1      | Reached skill level 5 in Stealth
   165 | D:1      | Reached XP level 2. HP: 22/22 MP: 2/2
   556 | D:1      | Reached skill level 6 in Stealth
   556 | D:1      | Reached XP level 3. HP: 27/27 MP: 3/3
  1360 | D:2      | Found a faded altar of an unknown god.
  1511 | D:2      | Noticed Sigmund
  1735 | D:2      | Reached XP level 4. HP: 33/33 MP: 4/4
  2423 | D:3      | CougarLife: game is just trash
  2443 | D:3      | CougarLife: been getting too many dicerolls
  2463 | D:3      | CougarLife: that should be obvious wins
  2480 | D:3      | Reached skill level 7 in Stealth
  2496 | D:3      | CougarLife: that just lose
  2691 | D:3      | Found a runed translucent gate.
  2692 | D:3      | Found a runed translucent gate.
  2693 | D:3      | Found a runed translucent gate.
  2714 | D:3      | Noticed Sabo's ghost (amateur DsAE)
  2800 | D:3      | Found a white marble altar of Elyvilon.
  2844 | D:3      | Found a hazy altar of Hepliaklqana.
  3679 | D:4      | Reached skill level 1 in Axes
  3679 | D:4      | Reached XP level 5. HP: 39/39 MP: 5/5
  3723 | D:4      | Reached skill level 1 in Armour
  3744 | D:4      | Noticed an ogre
  3868 | D:4      | Reached skill level 2 in Axes
  4005 | D:4      | Found a runed translucent gate.
  4006 | D:4      | Found a runed translucent gate.
  4006 | D:4      | Identified the +3 ring mail of Coogu {-Tele Int+4}
  4007 | D:4      | Found a runed translucent gate.
  4009 | D:4      | Noticed Braxton's ghost (amateur HOCA)
  4044 | D:4      | Noticed a water moccasin
  4062 | D:4      | Reached skill level 3 in Fighting
  4078 | D:4      | Reached skill level 2 in Armour
  4078 | D:4      | Reached XP level 6. HP: 43/47 MP: 6/6
  4214 | D:4      | HP: 22/47 [ogre/+0 giant club (25)]
  4220 | D:4      | Killed an ogre
  4221 | D:4      | Reached skill level 3 in Axes
  4504 | D:5      | Entered Level 5 of the Dungeon
  4791 | D:5      | Noticed an ogre
  4818 | D:5      | Killed an ogre
  4819 | D:5      | Reached skill level 4 in Fighting
  4819 | D:5      | Reached skill level 4 in Axes
  4819 | D:5      | Reached skill level 3 in Armour
  4819 | D:5      | Reached XP level 7. HP: 54/54 MP: 7/7
  5051 | D:5      | Found a staircase to the Ecumenical Temple.
  5159 | Temple   | Entered the Ecumenical Temple
  5342 | Temple   | sleeves: Nemlex or kiku
  5342 | Temple   | CougarLife: nemelex is shit so do it on a character that
                  | isnt shit
  5342 | Temple   | sleeves: well kiku might be more shit lol
  5342 | Temple   | CougarLife: kiku atleast will give u bodies to take damge
                  | for u
  5342 | Temple   | sleeves: or maybe i should wu jjian
  5342 | Temple   | sleeves: idk or play it safe and get a good god
  5342 | Temple   | CougarLife: what race
  5342 | Temple   | CougarLife: and background
  5342 | Temple   | sleeves: im a formacid brigand
  5342 | Temple   | sleeves: but im going axes
  5342 | Temple   | sleeves: cuz i found an axe manual
  5342 | Temple   | CougarLife: idk about wujian axes
  5342 | Temple   | CougarLife: maybe it works? wujian has its like
  5342 | Temple   | CougarLife: own cleave mechanic
  5342 | Temple   | CougarLife: that involves moving
  5342 | Temple   | sleeves: I guess hes not here anyways
  5342 | Temple   | sleeves: i think it could work though
  5342 | Temple   | sleeves: and free 2 moves is pretty good for formacid
  5342 | Temple   | sleeves: since i cant blink or tp
  5342 | Temple   | CougarLife: should be a wujian altar before d10
  5342 | Temple   | CougarLife: or on d10
  5342 | Temple   | CougarLife: up 2 u if u wanna search for it tho
  5368 | Temple   | Became a worshipper of Nemelex Xobeh the Trickster
  5369 | Temple   | sleeves: yolo im yugioh
  5490 | D:5      | Reached skill level 5 in Axes
  5519 | D:5      | Reached skill level 1 in Invocations
  5939 | D:5      | Reached skill level 4 in Armour
  5956 | D:5      | Reached XP level 8. HP: 61/61 MP: 9/9
  5961 | D:5      | Reached skill level 2 in Invocations
  6292 | D:6      | Found the +9 scales of the Dragon King {rPois rF+ rC+
                  | Will+}
  6299 | D:6      | Reached skill level 5 in Fighting
  6302 | D:6      | sleeves: hooole E
  6359 | D:6      | Reached skill level 6 in Axes
  6402 | D:5      | Reached skill level 3 in Invocations
  6578 | D:6      | Reached * piety under Nemelex Xobeh
  6646 | D:6      | Received a gift from Nemelex Xobeh
  6938 | D:6      | Found a broken altar of Ashenzari.
  6981 | D:6      | Reached skill level 5 in Armour
  7021 | D:6      | Reached skill level 7 in Axes
  7186 | D:6      | Reached skill level 6 in Fighting
  7186 | D:6      | Reached skill level 4 in Invocations
  7186 | D:6      | Reached XP level 9. HP: 68/69 MP: 10/12
  7240 | D:6      | Reached skill level 8 in Axes
  7240 | D:6      | Reached skill level 5 in Invocations
  7243 | D:6      | Reached skill level 6 in Armour
  7488 | D:7      | Found Epuymeuff's Weapon Shop.
  7611 | D:7      | Reached skill level 7 in Fighting
  7747 | D:7      | HP: 31/62 [wight/+3 mace (4)]
  7817 | D:7      | Found an ornate altar of the Wu Jian Council.
  8098 | D:7      | Reached skill level 6 in Invocations
  8205 | D:7      | Reached skill level 9 in Axes
  8209 | D:7      | Reached XP level 10. HP: 49/78 MP: 14/14
  8395 | D:7      | Found a shimmering altar of Xom.
  8417 | D:7      | HP: 38/78 [orc warrior/+0 war axe (12)]
  8506 | D:7      | Found a glowing golden altar of the Shining One.
  8519 | D:7      | Reached ** piety under Nemelex Xobeh
  8548 | D:7      | Reached skill level 7 in Armour
  8597 | D:7      | Found a basalt altar of Yredelemnul.
  8980 | D:8      | Noticed Joseph
  8988 | D:8      | Killed Joseph
  8989 | D:8      | Reached skill level 8 in Fighting
  8989 | D:8      | Reached skill level 7 in Invocations
  9002 | D:8      | sleeves: dude nemlex is kinda op
  9047 | D:8      | Reached skill level 10 in Axes
  9133 | D:8      | Reached skill level 1 in Shields
  9136 | D:8      | HP: 40/80 [steam dragon] (12)]
  9305 | D:8      | Reached skill level 2 in Shields
  9308 | D:8      | Reached skill level 8 in Armour
  9316 | D:8      | Reached skill level 3 in Shields
  9317 | D:8      | HP: 39/81 [poisoned by a water moccasin]
  9322 | D:8      | HP: 38/81 [poisoned by a water moccasin]
  9415 | D:8      | Reached skill level 11 in Axes
  9415 | D:8      | Reached skill level 4 in Shields
  9450 | D:8      | Found a staircase to the Lair.
  9461 | D:8      | Noticed a komodo dragon
  9473 | D:8      | Killed a komodo dragon
  9474 | D:8      | Reached skill level 5 in Shields
  9474 | D:8      | Reached XP level 11. HP: 87/87 MP: 16/16
  9951 | D:8      | Found a stormy altar of Qazlal.
  9967 | D:8      | Noticed Prince Ribbit
  9997 | D:8      | Killed Prince Ribbit
  9998 | D:8      | Reached skill level 12 in Axes
  9998 | D:8      | Reached skill level 6 in Shields
 10241 | D:9      | Noticed a manticore
 10254 | D:9      | Killed a manticore
 10255 | D:9      | Reached skill level 7 in Shields
 10306 | D:9      | Noticed a sun demon
 10364 | D:9      | Reached *** piety under Nemelex Xobeh
 10523 | D:9      | Noticed a boulder beetle
 10541 | D:9      | Reached skill level 13 in Axes
 10556 | D:9      | Reached skill level 8 in Shields
 10607 | D:9      | Killed a boulder beetle
 10653 | D:9      | Reached skill level 9 in Shields
 10752 | D:9      | Found an ancient bone altar of Kikubaaqudgha.
 11104 | D:10     | Entered Level 10 of the Dungeon
 11156 | D:10     | Received a gift from Nemelex Xobeh
 11279 | D:10     | Found a staircase to the Orcish Mines.
 11528 | D:10     | Noticed a two-headed ogre
 11534 | D:10     | Killed a two-headed ogre
 11535 | D:10     | Reached XP level 12. HP: 75/94 MP: 17/17
 11799 | D:10     | Reached skill level 10 in Shields
 11800 | D:10     | HP: 42/94 [acid (9)]
 11802 | D:10     | Reached skill level 9 in Fighting
 11858 | D:11     | Noticed a soul eater
 11858 | D:11     | Noticed a two-headed ogre
 11872 | D:11     | Killed a two-headed ogre
 11876 | D:11     | Reached skill level 9 in Armour
 11930 | D:11     | Identified the +2 scimitar of Ongop {vorpal, Will+ Stlth+}
 12075 | D:11     | Reached **** piety under Nemelex Xobeh
 12075 | D:11     | Received a gift from Nemelex Xobeh
 12181 | D:11     | Found a broken altar of Ashenzari.
 12423 | D:12     | Received a gift from Nemelex Xobeh
 12476 | D:12     | Reached skill level 14 in Axes
 12691 | D:12     | Reached skill level 11 in Shields
 13061 | D:12     | Received a gift from Nemelex Xobeh
 13653 | D:13     | Noticed a two-headed ogre
 13653 | D:13     | Noticed a boulder beetle
 13653 | D:13     | Noticed a centaur warrior
 13653 | D:13     | Noticed a catoblepas
 13653 | D:13     | Found a gate to the Vaults.
 13653 | D:13     | Reached ***** piety under Nemelex Xobeh
 13653 | D:13     | You fall into a shaft and drop 2 floors!
 13653 | D:15     | Entered Level 15 of the Dungeon
 13691 | D:14     | Noticed a centaur warrior
 13695 | D:14     | Reached skill level 10 in Fighting
 13702 | D:14     | Killed a centaur warrior
 13703 | D:14     | Reached XP level 13. HP: 65/103 MP: 18/18
 13760 | D:14     | Noticed a boulder beetle
 13772 | D:14     | Reached skill level 10 in Armour
 13779 | D:14     | Noticed Nessos
 13795 | D:14     | Killed Nessos
 13903 | D:14     | Killed a boulder beetle
 13917 | D:12     | Reached skill level 12 in Shields
 14014 | D:13     | Noticed a four-headed hydra
 14016 | D:13     | a four-headed hydra changed into a goliath frog
 14021 | D:13     | You fall into a shaft and drop 2 floors!
 14021 | D:15     | Received a gift from Nemelex Xobeh
 14084 | D:15     | Noticed an eight-headed hydra
 14114 | D:15     | HP: 46/93 [red ugly thing (10)]
 14182 | D:15     | Noticed a boulder beetle
 14183 | D:15     | Noticed a catoblepas
 14205 | D:15     | Killed a boulder beetle
 14206 | D:15     | Reached skill level 11 in Fighting
 14213 | D:15     | Killed a catoblepas
 14248 | D:15     | Noticed a seven-headed hydra
 14251 | D:15     | Killed a seven-headed hydra
 14503 | D:13     | Reached skill level 15 in Axes
 14565 | D:13     | Reached skill level 11 in Armour
 14820 | D:13     | Reached skill level 13 in Shields
 14978 | D:13     | Killed a centaur warrior
 15043 | D:13     | Received a gift from Nemelex Xobeh
 15106 | D:13     | Reached XP level 14. HP: 114/114 MP: 19/19
 15150 | D:13     | Reached skill level 12 in Fighting
 15385 | D:13     | Reached skill level 12 in Armour
 15405 | D:14     | Reached skill level 14 in Shields
 15536 | D:14     | Found a shadowy altar of Dithmenos.
 15541 | D:14     | Noticed Agnes
 15546 | D:14     | HP: 45/115 [Agnes/+0 lajatang (24)]
 15548 | D:14     | You fall into a shaft and drop 1 floor!
 15741 | D:14     | Killed Agnes
 15799 | D:14     | Noticed Rupert
 15800 | D:14     | Noticed Rupert
 15800 | D:14     | Rupert changed into Rupert the fenstrider witch
 15808 | D:14     | Killed Rupert the fenstrider witch
 15857 | D:15     | Found a staircase to the Depths.
 15857 | D:15     | Noticed a fire giant
 15873 | D:15     | Killed a fire giant
 16162 | D:15     | Reached skill level 13 in Fighting
 16224 | D:15     | Reached skill level 15 in Shields
 16231 | D:15     | Reached skill level 13 in Armour
 16232 | D:15     | Identified a scroll of acquirement
 16235 | D:15     | Acquired a manual of Axes
 16441 | D:15     | Found Ceyqoruth's Armour Shoppe.
 16703 | Orc:1    | Entered Level 1 of the Orcish Mines
 16862 | Orc:2    | Entered Level 2 of the Orcish Mines
 16863 | Orc:2    | Noticed an orc warlord
 16886 | Orc:1    | Killed an orc warlord
 16974 | Orc:2    | Received a gift from Nemelex Xobeh
 16992 | Orc:2    | Reached XP level 15. HP: 110/124 MP: 20/20
 17208 | Orc:2    | Found a staircase to the Elven Halls.
 17419 | Orc:1    | Received a gift from Nemelex Xobeh
 17636 | Orc:2    | Reached skill level 8 in Invocations
 17677 | Orc:2    | Received a gift from Nemelex Xobeh
 17884 | Orc:2    | Found Pidwud's Magic Scroll Boutique.
 17919 | Orc:2    | Found Mietasch's Antique Weapon Shop.
 17955 | Orc:2    | Found a radiant altar of Vehumet.
 17956 | Orc:2    | Noticed Erolcha
 17964 | Orc:2    | Noticed Erolcha
 17964 | Orc:2    | Erolcha changed into Erolcha the golden eye
 17976 | Orc:2    | Killed Erolcha the golden eye
 17985 | Orc:2    | Found Noteniomp's Magic Scroll Shop.
 17995 | Orc:2    | Noticed Nergalle
 18000 | Orc:2    | Found an ancient bone altar of Kikubaaqudgha.
 18002 | Orc:2    | Killed Nergalle
 18107 | Orc:2    | Found Lile Tyh's Book Boutique.
 18329 | Lair:1   | Entered Level 1 of the Lair of Beasts
 18412 | Lair:1   | Reached skill level 16 in Axes
 18417 | Lair:1   | Reached skill level 14 in Fighting
 18548 | Lair:1   | Found a dark tunnel.
 18565 | Volcano  | Entered a volcano
 18668 | Volcano  | Found a radiant altar of Vehumet.
 18673 | Volcano  | HP: 59/126 [salamander/arrow (14)]
 18675 | Volcano  | HP: 24/126 [salamander/+3 halberd (10)]
 18744 | Volcano  | Reached skill level 9 in Invocations
 18824 | Volcano  | Reached skill level 14 in Armour
 19686 | Lair:2   | Received a gift from Nemelex Xobeh
 20120 | Lair:2   | Received a gift from Nemelex Xobeh
 20407 | Lair:3   | Reached ****** piety under Nemelex Xobeh
 20511 | Lair:3   | Received a gift from Nemelex Xobeh
 20550 | Lair:3   | Found a hole to the Spider Nest.
 20729 | Lair:3   | Reached skill level 10 in Invocations
 20741 | Lair:3   | Found the +3 pair of seven-league boots {Rampage+∞}
 20761 | Lair:3   | Reached skill level 17 in Axes
 20840 | Lair:3   | Reached XP level 16. HP: 134/134 MP: 23/23
 20847 | Lair:3   | Found a staircase to the Swamp.
 21025 | Lair:3   | Received a gift from Nemelex Xobeh
 21516 | Lair:4   | Received a gift from Nemelex Xobeh
 21562 | Lair:4   | Found a staircase to the Slime Pits.
 21738 | Lair:4   | Found a blossoming altar of Fedhas.
 21857 | Lair:4   | Received a gift from Nemelex Xobeh
 22329 | Lair:5   | Entered Level 5 of the Lair of Beasts
 22357 | Lair:5   | Received a gift from Nemelex Xobeh
 22405 | Lair:5   | Reached skill level 15 in Fighting
 22573 | Lair:5   | Reached skill level 15 in Armour
 22573 | Lair:5   | Reached skill level 11 in Invocations
 22678 | Lair:5   | CougarLife: idk why i always thought battleaxes were 2h
 22681 | Lair:5   | sleeves: they are
 22681 | Lair:5   | sleeves: im just a formacid
 22768 | Lair:5   | CougarLife: oh right'
 22822 | Lair:5   | Reached skill level 18 in Axes
 22823 | Lair:5   | CougarLife: man that means you can use an exe with a shield
                  | thats wild
 22823 | Lair:5   | sleeves: look at my items
 22823 | Lair:5   | sleeves: this is stupid
 22823 | Lair:5   | CougarLife: holy
 22823 | Lair:5   | CougarLife: that armor
 22847 | Lair:5   | sleeves: also the boots are hilarous
 22847 | Lair:5   | sleeves: u just tp on monsters basically
 22923 | Lair:5   | Received a gift from Nemelex Xobeh
 23244 | Swamp:1  | Entered Level 1 of the Swamp
 23276 | Swamp:1  | Noticed Roxanne
 23277 | Swamp:1  | CougarLife: my sennheisers arriveed
 23277 | Swamp:1  | CougarLife: poggers
 23277 | Swamp:1  | sleeves: which ones did you get
 23296 | Swamp:1  | CougarLife: HD 660S
 23379 | Swamp:1  | sleeves: deng thats pricey
 23379 | Swamp:1  | CougarLife: ye
 23379 | Swamp:1  | sleeves: let me know if it was worth
 23379 | Swamp:1  | sleeves: XD
 23380 | Swamp:1  | Noticed a fenstrider witch
 23392 | Swamp:1  | CougarLife: good cans are always worth
 23392 | Swamp:1  | Killed a fenstrider witch
 23489 | Swamp:1  | Received a gift from Nemelex Xobeh
 23815 | Swamp:1  | Identified the +5 dagger of Evisceration {vorpal, rN+}
 23830 | Swamp:1  | Reached skill level 12 in Invocations
 24042 | Swamp:1  | Received a gift from Nemelex Xobeh
 24202 | Swamp:2  | Noticed a fenstrider witch
 24202 | Swamp:2  | an eleionoma changed into a fenstrider witch
 24205 | Swamp:2  | Killed a fenstrider witch
 24239 | Swamp:2  | Reached XP level 17. HP: 135/142 MP: 26/26
 24277 | Swamp:2  | Noticed Donald
 24299 | Swamp:2  | Killed Donald
 24537 | Swamp:2  | CougarLife: entirely up to you with how much you wanna
                  | spend on cans tho, they make good quality ones that arent
                  | that pricey
 24575 | Swamp:2  | Identified the +9 lajatang of Beniefof {vorpal, Dex+3}
 24596 | Swamp:2  | Received a gift from Nemelex Xobeh
 24660 | Swamp:2  | Reached skill level 19 in Axes
 24941 | Swamp:3  | Reached skill level 16 in Armour
 25016 | Swamp:3  | Noticed Aizul
 25027 | Swamp:3  | Killed Aizul
 25258 | Swamp:3  | Received a gift from Nemelex Xobeh
 25460 | Swamp:4  | Entered Level 4 of the Swamp
 25470 | Swamp:4  | Reached skill level 16 in Shields
 25470 | Swamp:4  | Reached skill level 13 in Invocations
 25516 | Swamp:4  | Received a gift from Nemelex Xobeh
 25644 | Swamp:4  | Found a runed translucent door.
 25644 | Swamp:4  | Found a shimmering altar of Xom.
 25644 | Swamp:4  | Noticed croobank's ghost (journeyman FeSu)
 25871 | Swamp:4  | Noticed a thorn hunter
 25883 | Swamp:4  | Killed a thorn hunter
 25983 | Swamp:4  | Got a decaying rune of Zot
 26320 | Spider:1 | Entered Level 1 of the Spider Nest
 26355 | Spider:1 | Reached XP level 18. HP: 117/149 MP: 28/28
 26538 | Spider:1 | Reached skill level 14 in Invocations
 26646 | Spider:1 | Identified the +7 morningstar of Fee Simple {vorpal, Will+}
 26648 | Spider:1 | Received a gift from Nemelex Xobeh
 26668 | Spider:1 | Reached skill level 17 in Shields
 27206 | Spider:1 | Reached skill level 17 in Armour
 27264 | Spider:1 | Noticed Josephine
 27271 | Spider:1 | Killed Josephine
 27351 | Spider:1 | Received a gift from Nemelex Xobeh
 27771 | Spider:1 | Reached skill level 20 in Axes
 28063 | Spider:2 | Received a gift from Nemelex Xobeh
 28429 | Spider:2 | Noticed Frances
 28431 | Spider:2 | Noticed Frances
 28431 | Spider:2 | Frances changed into Frances the quicksilver ooze
 28436 | Spider:2 | Killed Frances the quicksilver ooze
 29164 | Spider:3 | HP: 60/142 [disintegration (29)]
 29169 | Spider:3 | HP: 62/145 [disintegration (3)]
 29175 | Spider:3 | HP: 42/145 [disintegration (26)]
 29218 | Spider:3 | Reached skill level 15 in Invocations
 29362 | Spider:3 | Reached skill level 18 in Shields
 29399 | Spider:3 | Received a gift from Nemelex Xobeh
 29665 | Spider:3 | Identified the +1 chain mail of the Orb Guardian {Dex+3}
 29935 | Spider:4 | Entered Level 4 of the Spider Nest
 29984 | Spider:4 | Reached XP level 19. HP: 155/155 MP: 30/30
 30163 | Spider:4 | Received a gift from Nemelex Xobeh
 30201 | Spider:4 | Got the Precepts of Darkness
 30480 | Spider:4 | Received a gift from Nemelex Xobeh
 30806 | Spider:4 | Reached skill level 18 in Armour
 31027 | Spider:4 | HP: 60/155 [storm dragon/bolt of lightning (23)]
 31033 | Spider:4 | HP: 57/155 [storm dragon/bolt of lightning (4)]
 31317 | Spider:4 | Identified the +0 hat "Teho Vou" {rF++ Str+4 Slay+3}
 31342 | Spider:4 | Got a gossamer rune of Zot
 31762 | Vaults:1 | Entered Level 1 of the Vaults
 31778 | Vaults:1 | HP: 73/155 [ironbound frostheart/creeping frost (21)]
 31783 | Vaults:1 | HP: 31/155 [vault warden/+0 great mace (21)]
 31787 | Vaults:1 | HP: 7/155 [ironbound frostheart/creeping frost (16)]
 31795 | Vaults:1 | HP: 14/155 [vault warden/+0 great mace (18)]
 31922 | Vaults:1 | Reached skill level 16 in Invocations
 32029 | Vaults:1 | Received a gift from Nemelex Xobeh
 32271 | Vaults:1 | HP: 62/156 [ironbound thunderhulk/bolt of lightning (34)]
 32281 | Vaults:1 | Reached skill level 19 in Shields
 32282 | Vaults:1 | HP: 71/156 [deep troll[an ironbound preserver] (1)]
 32289 | Vaults:1 | HP: 31/157 [ironbound thunderhulk/bolt of lightning (48)]
 32756 | Vaults:1 | Received a gift from Nemelex Xobeh
 33224 | Vaults:2 | Received a gift from Nemelex Xobeh
 33236 | Vaults:2 | Reached skill level 16 in Fighting
 33260 | Vaults:2 | Found Sullef's Book Shoppe.
 33281 | Vaults:2 | Reached XP level 20. HP: 155/156 MP: 32/32
 33410 | Vaults:2 | Found a staircase to the Crypt.
 33762 | Vaults:2 | Reached skill level 19 in Armour
 34040 | Elf:1    | Entered Level 1 of the Elven Halls
 34331 | Vaults:2 | Found a portal to a secret trove of treasure.
 34456 | Vaults:2 | Received a gift from Nemelex Xobeh
 34471 | Vaults:2 | Found Ifiw's Antique Weapon Shoppe.
 34475 | Vaults:2 | Reached skill level 20 in Shields
 34535 | Vaults:2 | Found Cef Sif's Assorted Antiques.
 34573 | Vaults:2 | Found Jitra's Assorted Antiques.
 35013 | Vaults:3 | Received a gift from Nemelex Xobeh
 35354 | Vaults:3 | Reached skill level 20 in Armour
 35603 | Vaults:3 | Found a runed translucent gate.
 35603 | Vaults:3 | Found a runed translucent gate.
 35603 | Vaults:3 | Found a runed translucent gate.
 35603 | Vaults:3 | Noticed a tentacled monstrosity
 35603 | Vaults:3 | Noticed a tentacled monstrosity
 35605 | Vaults:3 | Noticed a tentacled monstrosity
 35637 | Vaults:3 | Found Zigaor's Antique Armour Shop.
 35681 | Vaults:3 | Bought a spiked chain mail for 408 gold pieces
 35681 | Vaults:3 | Identified the +7 chain mail of the Arena {Int+4} (You
                  | bought it in a shop on level 3 of the Vaults)
 35973 | Vaults:3 | Reached skill level 17 in Invocations
 36093 | Vaults:3 | Received a gift from Nemelex Xobeh
 36498 | Vaults:4 | Noticed Boris
 36521 | Vaults:3 | HP: 43/167 [Boris/iron shot (55)]
 36528 | Vaults:3 | Killed Boris
 36579 | Vaults:4 | Reached skill level 17 in Fighting
 36579 | Vaults:4 | Reached XP level 21. HP: 134/174 MP: 33/33
 36857 | Vaults:4 | Found a runed translucent gate.
 36857 | Vaults:4 | Found a runed translucent gate.
 36857 | Vaults:4 | Found an opulent altar of Gozag.
 36857 | Vaults:4 | Found a runed translucent gate.
 36859 | Vaults:4 | Noticed handsome's ghost (veteran OpWn)
 36941 | Vaults:4 | Reached skill level 18 in Invocations
 36946 | Vaults:4 | HP: 84/174 [yaktaur captain (9)]
 37140 | Vaults:4 | Found the ring of Shadows {Umbra +Inv Stlth+}
 37361 | Vaults:4 | Received a gift from Nemelex Xobeh
 37460 | Vaults:4 | Identified the +3 leather armour "Maraghed" {Str+3}
 38656 | Elf:1    | HP: 83/176 [+0 vorpal glaive (15)]
 38825 | Elf:1    | Identified the +5 long sword of Oxeu {vorpal, rF- rCorr
                  | Dex+4 SInv}
 38857 | Elf:1    | Identified the +9 demon trident "Behiex" {elec, rF- rCorr
                  | SInv Stlth+}
 39192 | Elf:1    | Identified the +7 sling "Vaxibyck" {vorpal, Will+ Int+3
                  | Dex+3}
 39211 | Elf:1    | Reached skill level 18 in Fighting
 39312 | Elf:2    | Noticed Asterion
 39318 | Elf:2    | Reached skill level 19 in Invocations
 39320 | Elf:2    | Killed Asterion
 39336 | Elf:2    | Received a gift from Nemelex Xobeh
 39366 | Elf:2    | Identified the +1 halberd "Boown" {elec, *Noise rF+ rCorr
                  | Stlth+}
 39725 | Elf:2    | Noticed a Brimstone Fiend
 39738 | Elf:2    | HP: 89/178 [deep elf sorcerer/bolt of acid[a deep elf high
                  | priest] (37)]
 40016 | Elf:2    | Received a gift from Nemelex Xobeh
 40104 | Elf:2    | Found a runed translucent gate.
 40105 | Elf:2    | Found a runed translucent gate.
 40105 | Elf:2    | Found a runed translucent gate.
 40330 | Elf:2    | Reached XP level 22. HP: 171/186 MP: 35/35
 40333 | Elf:2    | Reached skill level 19 in Fighting
 40372 | Elf:2    | Reached skill level 20 in Invocations
 40746 | Elf:3    | Entered Level 3 of the Elven Halls
 41078 | Elf:3    | Noticed Bai Suzhen
 41089 | Elf:3    | Noticed Bai Suzhen
 41089 | Elf:3    | Bai Suzhen changed into Bai Suzhen the rockslime
 41098 | Elf:3    | Killed Bai Suzhen the rockslime
 41202 | Elf:3    | Received a gift from Nemelex Xobeh
 41311 | Elf:3    | Found Uruetut's Weapon Emporium.
 41396 | Elf:3    | Received a gift from Nemelex Xobeh
 41478 | Elf:3    | HP: 68/190 [deep elf sorcerer/bolt of acid (46)]
 41479 | Elf:3    | HP: 24/190 [deep elf zephyrmancer/bolt of lightning (45)]
 41479 | Elf:3    | HP: 4/190 [deep elf zephyrmancer/bolt of lightning (20)]
 41638 | Elf:3    | Reached skill level 20 in Fighting
 41953 | Elf:3    | HP: 88/179 [deep elf blademaster/+2 rapier of holy wrath
                  | (13)]
 41955 | Elf:3    | Killed from afar by a deep elf annihilator

Illustrated notes

Levels and vault maps discovered:
D:1:      matt_arrival_los_fun, layout_loops_ring,
          chequers_serial_rivers_large_a, grunt_decor_resistance
D:2:      layout_loops_ring, nicolae_ecumenical_oubliette, uniq_sigmund
D:3:      layout_basic, general_overflow_altar, elyvilon_altar_5,
          gammafunk_ghost_icy, lemuel_flame_loot_1
D:4:      layout_basic, biasface_ghost_orc_armoury
D:5:      minmay_chambers_of_fours, layout_layer_cave, minmay_temple_entry_grid
D:6:      kennysheep_housing_project, layout_cave_pods, kennysheep_mini
D:7:      layout_loops_corners, mainiacjoe_overflow_alcove_1,
          mainiacjoe_overflow_catwalk_spiral, nicolae_yredelemnul_corpse_copse,
          serial_shops, nicolae_shop_bloodbath_and_beyond
D:8:      kennysheep_ambush_hall, layout_loops_ring,
          mainiacjoe_overflow_concentric_impassable,
          due_lair_maze_entry_diamond, minmay_misc_feat_tiny,
          uniq_prince_ribbit1, uniq_joseph
D:9:      layout_long_grid, mainiacjoe_overflow_six_doors_small,
          kennysheep_kite_vault
D:10:     layout_loops_ring, orc_0_dummy
D:11:     layout_small_grid, cheibrodos_ashenzari_chains
D:12:     layout_layer_cave
D:13:     layout_loops_ring, david_vaults_3
D:14:     layout_rooms, glass_columns_b, chequers_serial_rivers_marsh,
          nicolae_dithmenos_shadow_blocks, uniq_agnes, uniq_rupert, uniq_nessos
D:15:     grunt_enter_depths_giant_problem, layout_rooms, chequers_garden,
          serial_shops, nicolae_square_shop, nicolae_water_bricks,
          grunt_ministairs_6
Temple:   compressed_dpeg_triangle_lava_temple
Lair:1:   minmay_lair_oklob_chamber, layout_cellular_growth, enter_volcano_1,
          chequers_serial_rivers_micro_b, guppyfry_lair_drakes,
          grunt_megastairs_1
Lair:2:   layout_loops_ring
Lair:3:   layout_cave_shapes, nicolae_swamp_entry_splash_gauntlet,
          hellmonk_spider_entry_life_and_decay,
          hellmonk_guarded_unrand_seven_league_boots, grunt_megastairs_2
Lair:4:   layout_cave_pods, dpeg_slime_entry_corner, tgw_fedhas
Lair:5:   gammafunk_lair_ancient_temple, layout_regular_city
Swamp:1:  layout_falls_marsh, evilmike_swamp_ruin_rubble_2, swamp_pool2,
          cheibrodos_swamp_witchery, uniq_roxanne
Swamp:2:  layout_basic_swamp, nicolae_swamp_well_well_well, swamp_pool2,
          nicolae_swamp_bunyip_nook, uniq_donald
Swamp:3:  layout_falls_marsh, evilmike_swamp_ruin_house_2, swamp_pool1,
          nicolae_swamp_fairy_circle, uniq_aizul
Swamp:4:  swamp_basic_johnstein, layout_basic_swamp, ebering_ghost_xom
Spider:1: layout_chambers, hive_lemuel, hangedman_spider_tarantella_strand,
          uniq_josephine
Spider:2: layout_spider_delve, portal_ice_cave_entry_pillars_three, uniq_frances
Spider:3: layout_spider_delve
Spider:4: spider_rune_water
Orc:1:    layout_caves, basic_altar
Orc:2:    kennysheep_orc_mage_school, layout_diamond_mine, mines1_david
Elf:1:    minmay_shoctagon, layout_gridlike, evilmike_minifort
Elf:2:    nicolae_elf_blades_crystal_corner, layout_loops_ring, st_stairs_5,
          lemuel_elevator, uniq_asterion
Elf:3:    nooodl_elf_gasket, layout_loops_corners, serial_shops, shop,
          kilobyte_rumbling_trees, uniq_bai_suzhen
Vaults:1: ontoclasm_vaults_decontamination,
          vaults_room_grunt_arrival_checkpoint, v_alt_pattern_6,
          vaults_mumra_minichess, v_rooms_5, v_misc_28, hangedman_vaults_snaps,
          ontoclasm_vaults_claustrophobia, layout_vaults_omnicross
Vaults:2: minmay_crypt_entry_simple_walls, hangedman_vaults_slice, v_misc_11,
          vaults_room_fancy_cross, ontoclasm_vaults_ring_large, v_misc_2,
          vaults_dpeg_emergency_exit, hangedman_vaults_trim, v_misc_15,
          vaults_room_door_hall, grunt_vaults_bifocal, vaults_mumra_lcd,
          v_misc_3, vaults_room_grid, nicolae_vaults_specimen_jars,
          layout_vaults_maze_bifur, serial_shops, nicolae_shop_advertising_works
          [nicolae_subvault_shop_adworks], nicolae_shop_overgrown_old_shop,
          nicolae_shop_trees, nicolae_shop_overgrown_old_shop,
          nicolae_trove_entry_diagonal
Vaults:3: ploomutoo_gammafunk_ghost_potion_laboratory, vaults_dpeg_hooks,
          hangedman_vaults_stretched_pinwheel, vaults_room_octagon,
          hangedman_vaults_stream, vaults_dpeg_diagonal,
          nicolae_vaults_gold_heap, nicolae_vaults_little_squares_6,
          layout_vaults_omnigrid, serial_shops, shop
Vaults:4: ebering_ghost_gozag, v_alt_pattern_6, hangedman_vaults_stagger,
          nicolae_vaults_puzzle_piece, ontoclasm_vaults_ligature,
          hangedman_vaults_maws, hangedman_vaults_nails, ontoclasm_vaults_twist,
          vaults_standard_mumra_x, layout_vaults_omnibox, uniq_boris

Skill      XL: |  1  2  3  4  5  6  7  8  9 10 11 12 13 14 15 16 17 18 19 20 21 22 |
---------------+-------------------------------------------------------------------+-----
Stealth        | 5 6 7 |  7.1
Axes           | 1 2 4 5 7 9 11 13 14 15 17 18 19 20 | 20.4
Armour         | 2 3 4 5 6 8 9 11 13 14 15 16 17 18 20 | 20.1
Fighting       | 3 4 6 7 8 10 11 13 14 15 16 17 18 20 | 20.1
Invocations    | 1 4 6 7 10 12 13 15 16 17 19 20 | 20.0
Shields        | 5 9 11 13 15 16 18 19 20 | 20.2
Short Blades   | |  2.0
Throwing       | |  2.0
Dodging        | |  0.8

Action                   |  1- 3 |  4- 6 |  7- 9 | 10-12 | 13-15 | 16-18 | 19-21 | 22-24 || total
-------------------------+-------+-------+-------+-------+-------+-------+-------+-------++-------
Melee: Dagger            |    90 |    81 |   155 |    34 |     4 |       |       |       ||   364
       Punch             |     1 |     1 |     4 |     3 |       |       |       |       ||     9
       War axe           |       |    17 |   136 |    64 |       |       |       |       ||   217
       Battleaxe         |       |       |    12 |   394 |   767 |  1241 |  1339 |   208 ||  3961
       Scimitar          |       |       |       |       |     1 |       |       |       ||     1
Throw: Dart              |     4 |    16 |    13 |     9 |     2 |       |       |       ||    44
       Boomerang         |       |       |       |       |       |       |       |     1 ||     1
Invok: Draw Summoning    |       |       |     1 |       |     4 |       |       |     3 ||     8
       Draw Destruction  |       |       |     4 |     5 |    29 |    16 |    11 |    12 ||    77
       Triple Draw       |       |       |       |       |     1 |       |     4 |       ||     5
       Draw Escape       |       |       |       |       |     3 |       |       |       ||     3
       Deal Four         |       |       |       |       |     1 |       |       |     1 ||     2
       Stack Five        |       |       |       |       |       |       |       |     1 ||     1
 Abil: Dig               |       |       |       |       |     4 |     4 |       |       ||     8
       Shaft Self        |       |       |       |       |     2 |       |       |       ||     2
Evoke: Wand              |       |       |       |       |     4 |       |       |       ||     4
  Use: Scroll            |       |       |       |    10 |     8 |     9 |     3 |       ||    30
       Potion            |       |       |       |       |     4 |       |    12 |     4 ||    20
 Stab: Sleeping          |    14 |    18 |     6 |     2 |       |       |       |       ||    40
       Distracted        |       |       |       |     1 |       |       |       |     1 ||     2
       Petrified         |       |       |       |       |    13 |       |       |       ||    13
       Invisible         |       |       |       |       |       |       |       |     2 ||     2
Armor: Robe              |     5 |       |       |       |       |       |       |       ||     5
       Leather armour    |    15 |     7 |     7 |    89 |       |       |       |       ||   118
       Ring mail         |       |    21 |   124 |       |       |       |       |       ||   145
       Gold dragon scale |       |       |     8 |   218 |   380 |   601 |   600 |    73 ||  1880
Dodge: Dodged            |    63 |    47 |   162 |   161 |   111 |   271 |   243 |    28 ||  1086
Block: Kite shield       |       |       |       |   180 |   378 |       |       |       ||   558
       Tower shield      |       |       |       |       |   110 |  1015 |  1094 |   132 ||  2351
